 Dungeon Crawl Stone Soup version 0.17-a0-2007-g96ac4c4 (webtiles) character file.

365 Ordine the Skirmisher (level 6, -4/45 HPs)
             Began as an Octopode Fighter on Oct 9, 2015.
             Engulfed by an orc wizard's steam (14 damage)
             ... on level 3 of the Dungeon.
             The game lasted 00:08:31 (2853 turns).

Ordine the Skirmisher (Octopode Fighter)            Turns: 2853, Time: 00:08:32

Health: -4/45      AC:  1    Str: 15    XL:     6   Next: 68%
Magic:  6/6        EV: 10    Int: 11    God:
Gold:   154        SH:  8    Dex: 13    Spells: 0 memorised, 5 levels left

rFire  . . .     SeeInvis .     a - +0 long sword
rCold  . . .     Clarity  .     b - +0 shield
rNeg   . . .     SustAt   .     (helmet restricted)
rPois  +         Gourm    .     (no amulet)
rElec  .         Spirit   .     h - ring of poison resistance
rCorr  .         Warding  .     (no ring)
rMut   .         Stasis   .     (no ring)
MR     .....                    (no ring)
Stlth  +++.......               (no ring)
                                (no ring)
                                (no ring)
                                (no ring)

@: not resistant to hostile enchantments, fairly stealthy
A: almost no armour, amphibious, 8 rings, constrict 8, camouflage 1, gelatinous
body 1
a: no special abilities


You were on level 3 of the Dungeon.
You were not hungry.

You visited 1 branch of the dungeon, and saw 3 of its levels.
You also visited: Sewer.

You collected 154 gold pieces.

Inventory:

Hand Weapons
 a - a +0 long sword (weapon)
 i - a +1 dagger of speed
Missiles
 q - 4 tomahawks (quivered)
Armour
 b - a +0 shield (worn)
Jewellery
 h - a ring of poison resistance (left tentacle)
Scrolls
 f - 2 scrolls of recharging {unknown}
 l - 4 scrolls of magic mapping {unknown}
 m - 2 scrolls of fear {unknown}
 n - 3 scrolls of identify {unknown}
 p - 3 scrolls of blinking {unknown}
 v - a scroll of teleportation {unknown}
Potions
 c - 4 potions of might
 e - a potion of ambrosia {unknown}
 g - a potion of heal wounds {unknown}
 j - a potion of poison {unknown}
 o - a potion of degeneration {unknown}
 r - 2 potions of invisibility {unknown}
 s - 2 potions of haste {unknown}
 t - 2 potions of flight {unknown}
 u - a potion of curing {unknown}
Comestibles
 d - 4 bread rations
 k - a chunk of flesh


   Skills:
 + Level 5.6 Fighting
 + Level 4.9 Long Blades
 - Level 3.0 Dodging
 - Level 3.0 Shields


You had 5 spell levels left.
You didn't know any spells.

Dungeon Overview and Level Annotations

Branches:
Dungeon (3/15)

Altars:
Ru
Sif Muna
Zin


Innate Abilities, Weirdness & Mutations

You cannot wear most types of armour.
You are amphibious.
You can wear up to eight rings at the same time.
You can use your tentacles to constrict eight enemies at once.
Your skin changes colour to match your surroundings (Stealth).
Your rubbery body absorbs attacks (AC +1).


Message History

Your shield prevents you from hitting the orc wizard.
The orc wizard is heavily wounded.
You constrict the orc wizard.
The orc wizard gestures at you while chanting.
You block the puff of flame. The orc wizard completely misses you.
The orc wizard hits you but does no damage.
You slash the orc wizard!
You kill the orc wizard!
You are engulfed in a cloud of scalding steam.
The orc wizard hits you with a dagger.
* * * LOW HITPOINT WARNING * * *
The orc wizard hits you with a dagger.
* * * LOW HITPOINT WARNING * * *
You are too injured to fight recklessly!
You are too injured to fight recklessly!
You are too injured to fight recklessly!
You are too injured to fight recklessly!
You barely miss the orc wizard. Your grab misses the orc wizard.
You are engulfed in a cloud of scalding steam.
You die...

.......# #....######
.#####.# ######.##......#
[#####.####>.##...######.#
.##.........##.._..#..##.#
.##.##.#######.8.8.##.##.#
.##.##.# ###'####.##.#
[......# #...##.....#
###.#### #...###.#### #.#
#≈@≈##.....# #.#
######.>o###.##.# #.#
#...########.# # #.#
#.....# # #..# #.# #.....#
#.#.## #.### #.....#
#.#.###.# #...# #.....#
#.......# ###.# ###.###
###.##### #.######.### #.#


You could see an orc wizard.

Vanquished Creatures
  2 big kobolds (Sewer)
  An orc wizard (D:3)
  6 adders
  4 gnolls (D:2)
  A river rat (Sewer)
  4 oozes
  4 worms
  3 giant geckos (D:3)
  2 orcs (D:3)
  3 bats
  5 giant cockroaches
  5 hobgoblins
  6 jackals
  5 ball pythons
  3 giant newts
  6 goblins
  14 kobolds
  8 rats
82 creatures vanquished.

Notes
Turn   | Place    | Note
--------------------------------------------------------------
     0 | D:1      | Ordine the Octopode Fighter began the quest for the Orb.
     0 | D:1      | Reached XP level 1. HP: 16/16 MP: 1/1
   635 | D:1      | Reached XP level 2. HP: 21/21 MP: 2/2
   862 | D:2      | Found a glowing silver altar of Zin.
   991 | D:2      | Reached XP level 3. HP: 26/26 MP: 3/3
  1369 | D:2      | Reached skill level 4 in Fighting
  1369 | D:2      | Reached XP level 4. HP: 19/33 MP: 4/4
  1931 | D:3      | Found a sacrificial altar of Ru.
  1987 | D:3      | Reached XP level 5. HP: 38/38 MP: 5/5
  2178 | D:3      | Found a glowing drain.
  2202 | Sewer    | Entered a sewer
  2394 | Sewer    | Reached skill level 5 in Fighting
  2482 | Sewer    | Reached XP level 6. HP: 27/45 MP: 6/6
  2840 | D:3      | Found a deep blue altar of Sif Muna.
  2853 | D:3      | Engulfed by an orc wizard's steam

Vault maps used:
D:1:      ncdulo_wetmaze, minmay_misc_feat_doors
D:2:      zin_statuary
D:3:      led_sif_book, portal_sewer_entry_f, hangedman_ru_absence
Sewer:    sewer_co_15_rooms

Action                   |  1- 3 |  4- 6 || total
-------------------------+-------+-------++-------
Melee: Long sword        |    59 |   110 ||   169
 Stab: Sleeping          |     6 |     3 ||     9
  Eat: Chunk             |     1 |     5 ||     6
